AoeStats
← Giovanni93

Arabia

508039816Analyzed
2v2 RM · 12d ago on Sep 20, 2026· 20m 23s· 4 players
Game mode
Random Map
Map size
Medium (4 player)
Population
200
Speed
Normal
Resources
Standard
Victory
Conquest
Starting age
Dark Age
Ending age
Imperial Age
RankedLock teamsTeams togetherTeam positionsShared explorationLock speedFull tech treeHidden civsTurbo modeCheats
Victory
Defeat
🇮🇹 Franks · Italy
1401
+12
🇮🇹 Ethiopians · Italy
1225
+20
🇨🇭 Lithuanians · Switzerland
1335
-17
🇭🇰 Magyars · Hong Kong SAR China
1278
-15
Giovanni93
4:45 Loom
9:24 Feudal Age
15:10 Fletching
Monesi28
6:09 Loom
9:26 Feudal Age
18:23 Wheelbarrow
19:44 Forging
lkf01
7:26 Loom
10:17 Feudal Age
12:00 Double-Bit Axe
13:26 Horse Collar
ChickenHunter
8:51 Feudal Age
9:20 Loom
9:41 Double-Bit Axe
10:14 Horse Collar
16:03 Wheelbarrow
17:38 Scale Mail Armor
21:13 Castle Age
20:51 Scale Barding Armor
21:00 Forging
Connection lost

Rejoining the realm…

Still unreachable

The connection could not be restored.

Session expired

The server has moved on; the page needs a fresh start.